Unix NetHack Version 5.0.0-0 post-release - last build Jul 19 2026 19:10:59 (3aa4ab31751d3886436d94b585a96704892fd477,branch:main).

Game began 2026-07-28 09:14:38, ended 2026-07-28 12:52:44.

LDaviesPeters, neutral female human Archeologist

                     -.---------
                     |..........
                     |.........|
                     .d........|
                     |dd........
                     |@d..<....|
                     -----------

LDaviesPeters the Field Worker  St:13 Dx:9 Co:13 In:14 Wi:15 Ch:13  Neutral
Dlvl:5  $:0  HP:0(25) Pw:18(18) AC:9  Xp:3 T:1664  Hungry  

Latest messages:
 The door opens.
 You see here a bow.
 You see here 8 crude arrows.
 You see here 8 crude arrows.
 You see here a bow.
 The gecko bites!
 You lash the gecko.
 The gecko bites!
 You kill the gecko!
 You hear the footsteps of a guard on patrol.
 You descend the stairs.
 You are beginning to feel hungry.
 You kill the jackal!
 You miss the jackal.
 The jackal bites!
 You kill the jackal!
 You miss the jackal.
 The jackal just misses!
 You miss the jackal.
 The jackal bites!
 The jackal bites!
 You kill the jackal!
 The jackal bites!
 The jackal bites!
 You kill the jackal!
 The jackal bites!
 You miss the jackal.
 The jackal bites!
 The jackal bites!
 You kill the jackal!
 The jackal misses!
 You kill the jackal!
 The jackal bites!
 You kill the jackal!
 The jackal misses!
 The jackal bites!
 You miss the jackal.
 The jackal bites!
 The jackal bites!
 The jackal bites!
 You kill the jackal!
 The jackal bites!
 The jackal bites!
 Are you sure you want to pray? [yn] (n) y
 You begin praying to Camaxtli.
 The jackal bites!
 The jackal bites!
 The jackal bites!
 You die...
 Do you want your possessions identified? [ynq] (y) q

Inventory:
 Weapons  (')')
  F - 6 +0 orcish arrows
  H - 5 +0 darts
  a - a +2 bullwhip (weapon in right hand)
 Armor    ('[')
  c - an uncursed +0 fedora (being worn)
  h - an uncursed +0 leather jacket (being worn)
 Comestibles  ('%')
  y - an uncursed slime mold
  d - 3 uncursed food rations
  J - an uncursed lembas wafer
 Rings    ('=')
  v - a cursed ring of warning
 Tools    ('(')
  b - an uncursed sack containing 8 items
  p - a +0 pick-axe
  I - an uncursed tallow candle
  f - a tinning kit (0:67)
 Gems/Stones  ('*')
  g - an uncursed touchstone

Contents of the sack:
  39 gold pieces
  an uncursed scroll of confuse monster
  an uncursed scroll of enchant weapon
  an uncursed scroll of fire
  an uncursed scroll of light
  a blessed scroll of stinking cloud
  a blessed potion of paralysis
  an uncursed potion of extra healing

LDaviesPeters the Archeologist's attributes:

Background:
 You were a Field Worker, a level 3 female human Archeologist.
 You were neutral, on a mission for Camaxtli
 who was opposed by Quetzalcoatl (lawful) and Huhetotl (chaotic).
 You were right-handed.
 You were in the Dungeons of Doom, on level 5.
 You entered the dungeon 1664 turns ago.
 You had 77 experience points, 3 more were needed to attain level 4.

Basics:
 You had 0 out of 25 hit points.
 You had all 18 energy points (spell power).
 Your armor class was 9.
 Your wallet was empty, but
 you had 39 zorkmids stashed away in your pack.
 Autopickup was off.

Final Characteristics:
 Your strength was 13 (limit:18/100).
 Your dexterity was 9 (limit:18).
 Your constitution was 13 (limit:18).
 Your intelligence was 14 (limit:18).
 Your wisdom was 15 (limit:18).
 Your charisma was 13 (limit:18).

Final Status:
 You were hungry.
 You were unencumbered.
 You were wielding a whip.
 You had basic skill with whip.

Final Attributes:
 You were devoutly aligned.
 You had automatic searching.
 You were lucky.
 You are dead.

Miscellaneous:
 You encountered 1 bones level.
 Total elapsed playing time was 48 minutes and 22 seconds.

Major events:
 Turn
    1: LDaviesPeters the neutral female human Archeologist entered the dungeon
 1113: entered the Gnomish Mines
 1116: attained the rank of Field Worker (level 3)
 1664: killed by a jackal, while praying

You didn't know any spells.

Skills:
 Fighting Skills
   bare handed combat [Unskilled]
   two weapon combat  [Unskilled]
   riding             [Unskilled]
 Weapon Skills
   dagger             [Unskilled]
   knife              [Unskilled]
   pick-axe           [Basic]
   short sword        [Unskilled]
   saber              [Unskilled]
   club               [Unskilled]
   quarterstaff       [Unskilled]
   sling              [Unskilled]
   dart               [Unskilled]
   boomerang          [Unskilled]
   whip               [Basic]
   unicorn horn       [Unskilled]
 Spellcasting Skills
   attack spells      [Unskilled]
   healing spells     [Unskilled]
   divination spells  [Unskilled]
   matter spells      [Unskilled]

Voluntary challenges:
 Character rerolling was not enabled.
 You never genocided any monsters.
 You never polymorphed an object.
 You never changed form.
 You used no wishes.
Achievements:
 You entered a shop.
 You entered the Gnomish Mines.
 You attained the rank of Field Worker.

 The Dungeons of Doom: levels 1 to 5
    Level 1:
    Level 2:
       An armor shop, a fountain.
    Level 3:
       A general store.
       Stairs down to The Gnomish Mines.
    Level 4:
       A general store, some sinks.
    Level 5: <- You were here.
       Final resting place for
          you, killed by a jackal, while praying,
          Twocard-Tou-Hum-Fem-Neu, killed by an imp, while praying.
 The Gnomish Mines:
    Level 4:


Vanquished creatures:
  a kitten
  a werejackal
  2 coyotes
  3 gnomes
  3 geckos
  9 jackals
  2 foxes
  2 sewer rats
  6 grid bugs
  2 lichens
  3 newts
34 creatures vanquished.

No species were genocided or became extinct.

Game over:
                       ----------
                      /          \
                     /    REST    \
                    /      IN      \
                   /     PEACE      \
                  /                  \
                  |  LDaviesPeters   |
                  |      39 Au       |
                  |   killed by a    |
                  |      jackal      |
                  |                  |
                  |                  |
                  |       2026       |
                 *|     *  *  *      | *
        _________)/\\_//(\/(/\)/\//\/|_)_______

Goodbye LDaviesPeters the Archeologist...

You died in The Dungeons of Doom on dungeon level 5 with 544 points,
and 39 pieces of gold, after 1664 moves.
You were level 3 with a maximum of 25 hit points when you died.

